 Dungeon Crawl Stone Soup version 0.28.0 (webtiles) character file.

Game seed: 4147253493827933851

76 issech the Cudgeller (level 4, 0/44 HPs)
             Began as a Troll Monk on Feb 10, 2022.
             Slain by an orc (4 damage)
             ... on level 2 of the Dungeon.
             The game lasted 00:03:46 (1193 turns).

issech the Cudgeller (Troll Monk)                   Turns: 1193, Time: 00:03:46

Health: 0/44       AC:  4    Str: 19    XL:     4   Next: 12%
Magic:  3/3        EV: 10    Int:  6    God:
Gold:   75         SH:  0    Dex: 14    Spells: 3/3 levels left

rFire   . . .      SeeInvis .   a - +0 mace
rCold   . . .      Faith    .   (no shield)
rNeg    . . .      Spirit   .   b - +0 robe
rPois   .          Reflect  .   (helmet restricted)
rElec   .          Harm     .   (no cloak)
rCorr   .          Rampage  .   (gloves unavailable)
Will    .....                   (boots unavailable)
Stlth   ++........              (no amulet)
HPRegen 0.94/turn               (no ring)
MPRegen 0.08/turn               (no ring)

@: no status effects
A: large, unfitting armour, claws 3, regeneration 1, shaggy fur 1, tough skin 1
a: no special abilities


You were on level 2 of the Dungeon.
You visited 1 branch of the dungeon, and saw 2 of its levels.

You collected 75 gold pieces.

Inventory:

Hand Weapons
 a - a +0 mace (weapon)
Missiles
 d - 18 bolts
 e - 16 stones (quivered)
 f - 23 arrows
Armour
 b - a +0 robe (worn)
Scrolls
 h - 2 scrolls of teleportation {unknown}
Potions
 c - 3 potions of attraction {unknown}
 g - a potion of brilliance {unknown}
 i - a potion of cancellation {unknown}


   Skills:
 + Level 2.9 Fighting
 + Level 3.6 Maces & Flails
 + Level 2.9 Dodging
 + Level 1.2 Stealth


You had 3 spell levels left.
You didn't know any spells.
Your spell library was empty.

Dungeon Overview and Level Annotations

Branches:
Dungeon (2/15)

Altars:


Innate Abilities, Weirdness & Mutations

You are too large for most types of armour.
You have claws for hands.
Your natural rate of healing is unusually fast.
You are covered in fur. (AC +1)
You have tough skin. (AC +1)


Message History

You closely miss something. The bat hits you but does no damage.
Something hits you.
You hit the bat.
You kill the bat!
An orc wizard appears from thin air!
Reactivating autopickup.
The orc wizard casts a spell at you. The magic dart hits you.
You bump into the rock wall.
The goblin barely misses you.
You bump into the rock wall.
You feel less confused.
The orc wizard hits you with a +0 dagger.
The goblin barely misses you.
You hit the orc wizard.
The orc wizard is heavily wounded.
The orc hits you with a +0 dagger.
The orc wizard hits you with a +0 dagger.
The goblin closely misses you.
The orc hits you from afar with a +0 trident.
The orc hits you but does no damage.
You hit the orc wizard.
The orc wizard is severely wounded.
The orc wizard hits you but does no damage.
The goblin hits you but does no damage. The orc misses you.
The orc hits you with a +0 dagger. The orc wizard barely misses you.
The goblin hits you but does no damage.
You hit the orc wizard.
You kill the orc wizard!
The orc hits you from afar with a +0 trident.
The goblin hits you with a +0 club.
The orc hits you from afar with a +0 trident!
* * * LOW HITPOINT WARNING * * *
You have reached level 4!
The orc hits you with a +0 dagger.
* * * LOW HITPOINT WARNING * * *
The orc barely misses you.
The orc hits you from afar with a +0 trident.
* * * LOW HITPOINT WARNING * * *
The orc hits you from afar with a +0 trident.
You die...

#....<..#.....#
#.......#.....#
#..†....###'###
#.......# #.#
#.......###.#
#...........#
#####..#.o).#
##.#....#
#..@og..#
#.......#
#.......#
#.......#
#.........
#..........
#...........
####+#......


You could see 2 orcs and a goblin.

Vanquished Creatures
  An orc wizard (D:2)
  A hound skeleton (D:2)
  An adder (D:2)
  A worm (D:2)
  A dart slug (D:2)
  4 endoplasms
  2 goblins (D:1)
  A hobgoblin (D:1)
  3 kobolds
  2 quokkas
  2 ball pythons
  3 bats
  A frilled lizard (D:2)
  2 rats (D:1)
25 creatures vanquished.

Notes
Turn   | Place    | Note
-------+----------+-------------------------------------------
     0 | D:1      | issech the Troll Monk began the quest for the Orb.
     0 | D:1      | Reached XP level 1. HP: 22/22 MP: 0/0
   159 | D:1      | Found a faded altar of an unknown god.
   369 | D:1      | Reached XP level 2. HP: 26/29 MP: 1/1
   530 | D:1      | Reached skill level 3 in Maces & Flails
  1046 | D:2      | Reached XP level 3. HP: 35/36 MP: 2/2
  1190 | D:2      | Reached XP level 4. HP: 7/44 MP: 3/3
  1193 | D:2      | Slain by an orc

Illustrated notes

Levels and vault maps discovered:
D:1:      amcnicky_arrival_abandoned_market, layout_loops_corners,
          dreamdust_ecumenical_altar_statues, minmay_door_square
D:2:      layout_basic

Skill      XL: |  1  2 |
---------------+-------+-----
Maces & Flails | 3 |  3.6
Fighting       | |  2.9
Dodging        | |  2.9
Stealth        | |  1.2

Action                   |  1- 3 |  4- 6 || total
-------------------------+-------+-------++-------
Melee: Mace              |   110 |       ||   110
       Punch             |     2 |       ||     2
 Stab: Sleeping          |     2 |       ||     2
Armor: Robe              |    55 |       ||    55
Dodge: Dodged            |    72 |     1 ||    73
